 Dungeon Crawl Stone Soup version 0.21-a0-88-g13b9641 (webtiles) character file.

103 HAL9000 the Chucker (level 4, 0/45 HPs)
             Began as an Ogre Hunter on June 27, 2017.
             Was an Initiate of Trog.
             Slain by a gnoll
             ... wielding a +0 club
              (7 damage)
             ... on level 3 of the Dungeon.
             The game lasted 00:04:31 (2518 turns).

HAL9000 the Chucker (Ogre Hunter)                   Turns: 2518, Time: 00:04:32

Health: 0/45       AC:  3    Str: 17    XL:     4   Next: 79%
Magic:  4/4        EV: 10    Int: 12    God:    Trog [......]
Gold:   104        SH:  2    Dex:  9    Spells: 3/3 levels left

rFire    . . .     SeeInvis .   s - +0 mace
rCold    . . .     Gourm    .   (no shield)
rNeg     . . .     Faith    .   b - +0 robe
rPois    .         Spirit   .   (helmet restricted)
rElec    .         Reflect  +   (no cloak)
rCorr    .         Harm     .   (gloves unavailable)
MR       .....                  (boots unavailable)
Stlth    +.........             q - +2 amulet of reflection
HPRegen  0.15/turn              (no ring)
MPRegen  0.09/turn              (no ring)

@: no status effects
A: unfitting armour, tough skin 1
a: Burn Spellbooks, Renounce Religion


You were on level 3 of the Dungeon.
You worshipped Trog.
Trog was noncommittal.
You were not hungry.

You visited 1 branch of the dungeon, and saw 3 of its levels.

You collected 104 gold pieces.

Inventory:

Hand Weapons
 s - a +0 mace (weapon)
Missiles
 d - 2 throwing nets (quivered)
Armour
 b - a +0 robe (worn)
Jewellery
 q - a +2 amulet of reflection (around neck)
Scrolls
 l - 3 scrolls of teleportation {unknown}
 m - 3 scrolls of identify {unknown}
 n - a scroll of immolation {unknown}
 o - a scroll of enchant weapon {unknown}
 r - a scroll of magic mapping {unknown}
 u - 2 scrolls of remove curse {unknown}
Potions
 j - a potion of curing {unknown}
 p - a potion of brilliance {unknown}
Comestibles
 f - 2 bread rations
 h - a royal jelly
 t - 4 fruits


   Skills:
 - Level 3.1 Fighting
 + Level 3.6 Maces & Flails
 - Level 4.0 Throwing
 - Level 1.7 Dodging
 - Level 0.6 Stealth


You had 3 spell levels left.
You didn't know any spells.

Dungeon Overview and Level Annotations

Branches:
Dungeon (3/15)

Altars:
Gozag
Nemelex Xobeh
Okawaru
Trog
Xom


Innate Abilities, Weirdness & Mutations

You are too large for most types of armour.
You have tough skin. (AC +1)


Message History

The gnoll struggles against the net. x2
Unknown command.
The gnoll struggles against the net.
Items here: ( ) †† 2 large rocks; a flail; a gnoll corpse x2
You hit the gnoll.
The gnoll is lightly wounded.
The gnoll struggles against the net.
The net rips apart, and the gnoll comes free!
You closely miss the gnoll.
The gnoll is lightly wounded.
You block the gnoll's attack.
You hit the gnoll but do no damage.
The gnoll is lightly wounded.
The gnoll barely misses you.
Unknown command.
You sock the gnoll!
The gnoll is almost dead.
The gnoll hits you with a club!
You die...

#.........#
#.........#
#.....(...#
#..÷......#
#.........#
#.........#
######(####
#g# #@# #.#
#.# #.# #<#
###


You could see a gnoll.

Vanquished Creatures
  3 gnolls (D:3)
  An adder (D:2)
  A worm (D:2)
  A dart slug (D:1)
  5 leopard geckos
  An orc (D:3)
  A giant cockroach (D:2)
  6 goblins
  3 hobgoblins (D:1)
  9 jackals
  6 bats
  3 frilled lizards
  4 kobolds
  11 rats
55 creatures vanquished.

Notes
Turn   | Place    | Note
-------+----------+-------------------------------------------
     0 | D:1      | HAL9000 the Ogre Hunter began the quest for the Orb.
     0 | D:1      | Reached XP level 1. HP: 22/22 MP: 1/1
    34 | D:1      | Reached skill level 1 in Maces & Flails
    34 | D:1      | Reached XP level 2. HP: 9/31 MP: 2/2
   397 | D:1      | Found a shimmering altar of Xom.
   545 | D:1      | Reached XP level 3. HP: 26/37 MP: 3/3
  1793 | D:2      | Reached XP level 4. HP: 31/45 MP: 4/4
  1797 | D:2      | Found a sparkling altar of Nemelex Xobeh.
  1945 | D:2      | Found an opulent altar of Gozag.
  2206 | D:3      | Found a bloodstained altar of Trog.
  2215 | D:3      | Became a worshipper of Trog the Wrathful
  2250 | D:3      | Found an iron altar of Okawaru.
  2518 | D:3      | Slain by a gnoll

Vault maps used:
D:1:      dpeg_arrival_refuge, xom_teletrap_fun
D:2:      lemuel_doored_altar, overflow_temple_1_default, first_bread,
          minmay_ruptured
D:3:      bloody_trog, lemuel_round_altar, uniq_grinder

Skill      XL: |  1  2  3  4 |
---------------+-------------+-----
Fighting       | 3 |  3.1
Maces & Flails | 1 2 3 |  3.6
Throwing       | |  4.0
Dodging        | |  1.7
Stealth        | |  0.6

Action                   |  1- 3 |  4- 6 || total
-------------------------+-------+-------++-------
Melee: Short sword       |   176 |    33 ||   209
       Mace              |       |    16 ||    16
Throw: Large rock        |     3 |     5 ||     8
       Throwing net      |       |     1 ||     1
  Eat: Chunk             |     2 |     3 ||     5
Armor: Robe              |    56 |    10 ||    66
Dodge: Dodged            |   119 |    25 ||   144
Block: Other             |     1 |     6 ||     7
